 Dungeon Crawl Stone Soup version 0.30-a0-122-g2a1322497e (webtiles) character file.

Game seed: 17706954500963905890

1477 Dreamer the Covert (level 8, 0/41 HPs)
             Began as a Vampire Enchanter on Sept 16, 2022.
             Slain by Edmund
             ... wielding a +2 flail of holy wrath
              (9 damage)
             ... while paralysed by Grinder
             ... on level 4 of the Dungeon.
             The game lasted 00:16:16 (5032 turns).

Dreamer the Covert (Vampire Enchanter)              Turns: 5032, Time: 00:16:16

Health: 0/41       AC:  3    Str:  7    XL:     8   Next: 49%
Magic:  16/17      EV:  2    Int: 17    God:
Gold:   239        SH:  0    Dex: 15    Spells: 8/19 levels left

rFire   . . .      SeeInvis +    a - +1 dagger
rCold   + + .      Faith    .    (no shield)
rNeg    + + +      Spirit   .    b - +0 robe
rPois   ∞          Reflect  .    (no helmet)
rElec   .          Harm     .    h - +0 cloak
rCorr   .          Rampage  .    (no gloves)
Will    .....      Clarity  +    (no boots)
Stlth   ++++++....               (no amulet)
HPRegen 0.00/turn                (no ring)
MPRegen 0.15/turn                (no ring)

@: paralysed, bloodless, inhibited regen
A: bloodless, fangs 3, see invisible, vampiric 2, clarity, clumsy 1
a: Bat Form, Revivify


You were on level 4 of the Dungeon.
You visited 1 branch of the dungeon, and saw 4 of its levels.
You also visited: Ossuary.

You collected 239 gold pieces.

Inventory:

Hand Weapons
 a - a +1 dagger (weapon)
Armour
 b - a +0 robe (worn)
 h - a +0 cloak (worn)
Wands
 q - a wand of digging (8)
Scrolls
 d - 3 scrolls of poison
 f - 2 scrolls of enchant weapon
 g - a scroll of enchant armour
 j - a scroll of teleportation {unknown}
 l - a scroll of butterflies {unknown}
 n - 2 scrolls of noise {unknown}
 o - a scroll of vulnerability {unknown}
Potions
 c - 3 potions of invisibility
 e - 7 potions of heal wounds
 i - a potion of berserk rage
 k - 2 potions of brilliance
 m - a potion of lignification
 p - a potion of curing
 r - a potion of haste
 s - a potion of resistance
 t - 2 potions of attraction {unknown}


   Skills:
 + Level 5.1 Short Blades
 - Level 2.1 Dodging
 + Level 8.6 Stealth
 * Level 6.4 Spellcasting
 + Level 8.1 Hexes


You had 8 spell levels left.
You knew the following spells:

 Your Spells              Type           Power      Damage    Failure   Level
a - Ensorcelled Hibernat  Hex/Ice        38%        N/A       3%          2
b - Confusing Touch       Hex            33%        N/A       1%          3
c - Tukima's Dance        Hex            33%        N/A       1%          3
d - Dazzling Flash        Conj/Hex       38%        N/A       7%          3

Your spell library contained the following spells:

 Spells                   Type           Power      Damage    Failure   Level
 Silence                  Hex/Air        9%         N/A       54%         5
 Agony                    Necr           5%         N/A       98%         5


Dungeon Overview and Level Annotations

Branches:
Dungeon (4/15)            Ossuary (visited)
 Temple: D:4-7

Altars:

Annotations:
D:4 Edmund, Grinder


Innate Abilities, Weirdness & Mutations

You do not regenerate when monsters are visible.
You are frail without blood (-20% HP).
You can heal yourself when you bite living creatures.
You are immune to poison.
You have razor-sharp teeth.
You have supernaturally acute eyesight. (SInv)
You are afflicted with vampirism and can become a bat while bloodless.
You possess an exceptional clarity of mind.
You are clumsy. (Dex -2)


Message History

You now have 239 gold pieces (gained 7).
Found a stone staircase leading down.
You open the door.
There is an open door here.
Ijyb the Twisted Goblin comes into view.
She is wielding a +0 dagger and carrying a wand of digging (8).
The helpless Ijyb fails to defend herself.
You bite Ijyb, and draw her blood! You skewer Ijyb like a kebab!!!
You kill Ijyb!
q - a wand of digging (8)
c - 3 potions of invisibility (gained 1)
Things that are here:
a +0 dagger; a +0 scale mail
There is a stone staircase leading up here.
There is a stone staircase leading up here.
A goblin comes into view. It is wielding a +0 club.
The goblin shouts!
Grinder comes into view.
Found a war axe.
The goblin hits you with a +0 club.
You barely miss the goblin.
The goblin looks drowsy...
Edmund the Younger comes into view.
He is wielding a +2 flail of holy wrath.
You can't see any susceptible monsters within range! (Use Z to cast anyway.)
The helpless goblin fails to defend itself.
You bite the goblin, and draw its blood!
You feel better.
You perforate the goblin like a sieve!!!
You kill the goblin!
Grinder hits you. Grinder attacks as you move away! Grinder misses you.
Edmund shouts!
You can't see any susceptible monsters within range! (Use Z to cast anyway.)
You can't see any susceptible monsters within range! (Use Z to cast anyway.) Grinder gestures at you.
You suddenly lose the ability to move!
Grinder blinks!
Edmund hits you with a +2 flail of holy wrath!
You convulse!
* * * LOW HITPOINT WARNING * * *
Edmund hits you with a +2 flail of holy wrath!
You die...

########.# #..#.#....###
#. #.##.......## #.##
#....#.###...
#..####.##.#####.##
#.................
#..##...........##
#>..............#
#..+#####.#####.##
#@.#...≈#..# #...
#@.#...≈#..# ####
#..#...≈#.##
.......).#...≈#.#######
...)..#..#≈≈≈≈#.......#
..##+###.#####'######.##
..#.....##...#...
####.####.#.###.
#....#.......


You could see Edmund.

Vanquished Creatures
  Sigmund (D:2)
  A black bear (D:3)
  12 scorpions (Ossuary)
  2 centaur zombies (Ossuary)
  2 human zombies (Ossuary)
  Crazy Yiuf (D:3)
  A jelly (D:3)
  7 scorpion zombies (Ossuary)
  Ijyb (D:4)
  3 mummies (Ossuary)
  4 adders
  A worm (D:2)
  4 dart slugs (D:1)
  6 bats
  4 endoplasms (D:2)
  2 giant cockroaches
  A gnoll zombie (Ossuary)
  8 goblins
  4 hobgoblins
  6 jackals
  2 quokkas
  7 ball pythons
  5 frilled lizards
  4 goblin zombies (Ossuary)
  A hobgoblin zombie (Ossuary)
  6 kobolds
  2 kobold zombies (Ossuary)
  2 orc zombies (Ossuary)
  3 rats (D:3)
103 creatures vanquished.

Notes
Turn   | Place    | Note
-------+----------+-------------------------------------------
     0 | D:1      | Dreamer the Vampire Enchanter began the quest for the Orb.
     0 | D:1      | Reached XP level 1. HP: 13/13 MP: 3/3
   109 | D:1      | Found a faded altar of an unknown god.
   151 | D:1      | Reached XP level 2. HP: 7/19 MP: 5/5
   200 | D:1      | Learned a level 2 spell: Ensorcelled Hibernation
  1028 | D:2      | Gained mutation: You are afflicted with vampirism and can
                  | become a bat while bloodless. [Vampire growth]
  1028 | D:2      | Reached XP level 3. HP: 12/19 MP: 6/6
  1293 | D:2      | Identified the +3 leather armour of Lilu {Int+3 SInv}
  1550 | D:2      | Reached skill level 5 in Stealth
  1555 | D:2      | Reached skill level 5 in Hexes
  1825 | D:2      | Noticed Sigmund
  1844 | D:2      | Killed Sigmund
  1845 | D:2      | Reached XP level 4. HP: 16/24 MP: 3/9
  1845 | D:2      | Reached XP level 5. HP: 19/28 MP: 3/10
  2360 | D:3      | Noticed a black bear
  2364 | D:3      | Killed a black bear
  2365 | D:3      | Reached XP level 6. HP: 32/32 MP: 10/12
  2370 | D:3      | Learned a level 3 spell: Confusing Touch
  2374 | D:3      | Learned a level 3 spell: Tukima's Dance
  2378 | D:3      | Learned a level 3 spell: Dazzling Flash
  2802 | D:3      | Gained mutation: Your magical capacity is low. (-10% MP)
                  | [potion of mutation]
  2802 | D:3      | Gained mutation: Your body sometimes deteriorates upon
                  | taking damage. [potion of mutation]
  2947 | D:3      | Found a runed translucent door.
  2948 | D:3      | Noticed Crazy Yiuf
  2953 | D:3      | Killed Crazy Yiuf
  3134 | D:4      | Found a sand-covered staircase.
  3139 | Ossuary  | Entered an ossuary
  3198 | Ossuary  | Reached XP level 7. HP: 29/36 MP: 5/12
  3724 | Ossuary  | Reached skill level 5 in Spellcasting
  4322 | Ossuary  | Reached XP level 8. HP: 41/41 MP: 9/14
  4628 | Ossuary  | Reached skill level 5 in Short Blades
  4650 | Ossuary  | Lost mutation: Your magical capacity is low. (-10% MP)
                  | [potion of mutation]
  4650 | Ossuary  | Lost mutation: Your body sometimes deteriorates upon taking
                  | damage. [potion of mutation]
  4650 | Ossuary  | Gained mutation: You possess an exceptional clarity of
                  | mind. [potion of mutation]
  4650 | Ossuary  | Gained mutation: You are clumsy. (Dex -2) [potion of
                  | mutation]
  4942 | D:4      | Noticed Ijyb
  4944 | D:4      | Killed Ijyb
  5023 | D:4      | Noticed Grinder
  5025 | D:4      | Noticed Edmund
  5028 | D:4      | Paralysed by Grinder for 5 turns
  5032 | D:4      | Slain by Edmund

Illustrated notes

Levels and vault maps discovered:
D:1:      mainiacjoe_arrival_reflecting_pool, layout_loops_ring,
          chequers_ecumenical_altar_grove
D:2:      layout_loops_corners, dreamdust_princess_bridge, uniq_sigmund
D:3:      layout_basic, grunt_decor_mini_mirrors, uniq_crazy_yiuf_cottage
D:4:      layout_basic, mainiacjoe_overflow_six_doors_small, enter_ossuary_2,
          chequers_serial_rivers_room_a, uniq_grinder, uniq_edmund, uniq_ijyb,
          uniq_duvessa

Skill      XL: |  1  2  3  4  5  6  7  8 |
---------------+-------------------------+-----
Stealth        | 5 6 7 8 |  8.6
Short Blades   | 2 3 4 5 |  5.1
Hexes          | 5 6 7 8 |  8.1
Spellcasting   | 3 4 5 6 |  6.4
Dodging        | |  2.1

Action                   |  1- 3 |  4- 6 |  7- 9 || total
-------------------------+-------+-------+-------++-------
Melee: Dagger            |    73 |    67 |   165 ||   305
       Bite              |     7 |     6 |    25 ||    38
       Punch             |       |       |     2 ||     2
 Cast: Ensorcelled Hiber |    10 |     6 |    14 ||    30
       Confusing Touch   |       |     2 |    12 ||    14
 Abil: Exsanguinate      |     1 |       |       ||     1
  Use: Scroll            |       |     5 |     5 ||    10
       Potion            |       |     1 |     1 ||     2
 Stab: Sleeping          |    24 |    16 |    21 ||    61
       Distracted        |       |     2 |     1 ||     3
       Confused          |       |     1 |    10 ||    11
Armor: Robe              |     6 |    11 |    14 ||    31
Dodge: Dodged            |    36 |    32 |    72 ||   140

Table legend: (Time is in decaauts)
 A = Elapsed time spent in this place.
 B = Non-inter-level travel time spent in this place.
 C = Inter-level travel time spent in this place.
 D = Time resting spent in this place.
 E = Time spent auto-exploring this place.
 F = Levels seen in this place.
 G = Mean time per level.
                   A        B        C        D        E       F      G
               +--------+--------+--------+--------+--------+-----+--------+
         Total |   4979 |   4883 |     96 |   1473 |   2149 |   5 |  995.8 |
       Dungeon |   3429 |   3333 |     96 |    545 |   2137 |   4 |  857.2 |
       Ossuary |   1550 |   1550 |      0 |    928 |     12 |   1 | 1550.0 |
               +--------+--------+--------+--------+--------+-----+--------+

Top non-repeatable levels by time:
 Ossuary: 1550 daAuts
     D:2: 1331 daAuts
     D:1: 996 daAuts
     D:3: 678 daAuts
     D:4: 422 daAuts
